 Dungeon Crawl Stone Soup version 0.31-a0-750-gfe7b580527 (webtiles) character file.

Game seed: 16830750797463133426

4746 Dittersdorf the Protected (level 10, -5/65 HPs)
             Began as a Gargoyle Fighter on Sept 14, 2023.
             Was a High Priest of Okawaru.
             Engulfed by a steam dragon's steam (8 damage)
             ... on level 9 of the Dungeon.
             The game lasted 00:13:11 (7481 turns).

Dittersdorf the Protected (Gargoyle Fighter)        Turns: 7481, Time: 00:13:11

Health: -5/65      AC: 15    Str: 25    XL:     10   Next: 46%
Magic:  3/3        EV: 10    Int:  8    God:    Okawaru [*****.]
Gold:   586        SH: 10    Dex:  9    Spells: 9/9 levels left

rFire   . . .        l - +0 flail (antimagic)
rCold   . . .        f - +0 kite shield
rNeg    + . .        g - +3 leather armour {Will+}
rPois   ∞            (no helmet)
rElec   +            (no cloak)
rCorr   +            (no gloves)
SInv    +            s - +0 pair of boots
Will    +....        a - amulet of regeneration
Stlth   +            x - ring of resist corrosion
HPRegen 1.10/turn    w - ring of see invisible
MPRegen 0.08/turn

%: no passive effects
@: no status effects
A: sickness immunity, AC +7, negative energy resistance 1, electricity
resistance, torment resistance 1, petrification resistance
a: Renounce Religion, Heroism, Finesse, Duel


You were on level 9 of the Dungeon.
You worshipped Okawaru.
Okawaru was extremely pleased with you.
You visited 2 branches of the dungeon, and saw 10 of its levels.
You also visited: Sewer.

You collected 586 gold pieces.

Inventory:

Hand Weapons
 l - a +0 antimagic flail (weapon)
 u - a +0 morningstar
Missiles
 y - a throwing net
Armour
 f - a +0 kite shield (worn)
 g - a +3 leather armour of willpower (worn)
 s - a +0 pair of boots (worn)
Jewellery
 a - an amulet of regeneration (around neck)
 c - a +6 ring of strength
 w - a ring of see invisible (right hand)
 x - a ring of resist corrosion (left hand)
Wands
 k - a wand of flame (19)
Scrolls
 b - a scroll of fog
 e - 2 scrolls of teleportation
 i - 2 scrolls of revelation
 r - 3 scrolls of enchant weapon
Potions
 d - 2 potions of might
 h - 4 potions of mutation
 j - 2 potions of haste
 m - 2 potions of magic
 n - a potion of cancellation
 o - 2 potions of enlightenment {unknown}
 p - 4 potions of heal wounds {unknown}
 q - a potion of curing {unknown}
 t - 2 potions of attraction {unknown}


   Skills:
 + Level 8.9 Fighting
 + Level 7.8 Maces & Flails
 + Level 9.0 Armour
 + Level 8.9 Shields


You had 9 spell levels left.
You didn't know any spells.
Your spell library contained the following spells:

 Spells                   Type           Power      Damage    Failure   Level
 Poisonous Vapours        Pois/Air       0%         N/A       78%         2
 Mephitic Cloud           Conj/Pois/Air  0%         N/A       95%         3
 Ozocubu's Armour         Ice            0%         N/A       95%         3
 Vhi's Electric Charge    Tloc/Air       0%         N/A       100%        4
 Arcjolt                  Conj/Air       0%         1d10      100%        5
 Freezing Cloud           Conj/Ice/Air   0%         6-21      100%        5
 Metabolic Englaciation   Hex/Ice        0%         N/A       100%        5
 Maxwell's Capacitive Co  Air            0%         ∞         100%        8
 Simulacrum               Ice/Necr       Unusable   N/A       N/A         6

Dungeon Overview and Level Annotations

Branches:
Dungeon (9/15)             Temple (1/1) D:4           Sewer (visited)
   Lair: D:8-11         Orc: D:9-12

Altars:
Ashenzari
Cheibriados
Dithmenos
Fedhas
Gozag
Hepliaklqana
Kikubaaqudgha
Makhleb
Nemelex Xobeh
Okawaru
Qazlal
Trog
Uskayaw
Wu Jian
Xom
Zin
The Shining One

Annotations:
D:6 2 transporters, CowFu's ghost, novice DrSh


Innate Abilities, Weirdness & Mutations

You are immune to sickness and miasma.
Your stone body is resilient. (AC +7)
You are immune to poison.
You resist negative energy. (rN+)
You are resistant to electric shocks. (rElec)
You are resistant to unholy torment.
You are immune to petrification.


Message History

You barely miss the kobold brigand.
The kobold brigand is almost dead.
You are engulfed in a cloud of scalding steam.
You hear an angry buzzing noise.
The steam dragon barely misses you. You block the steam dragon's attack.
You block the kobold brigand's attack. The steam dragon closely misses you. x2
You block the kobold brigand's attack.
You closely miss the kobold brigand.
The kobold brigand is almost dead.
You block the kobold brigand's attack. The steam dragon breathes steam at you.
The ball of steam hits you.
* * * LOW HITPOINT WARNING * * *
You hear a shout!
You barely miss the kobold brigand.
The kobold brigand is almost dead.
You are engulfed in a cloud of scalding steam.
The kobold brigand hits you with a +0 dagger.
* * * LOW HITPOINT WARNING * * *
The steam dragon bites you.
* * * LOW HITPOINT WARNING * * *
The steam dragon barely misses you.
You hit the kobold brigand but do no damage.
The kobold brigand is almost dead.
The kobold brigand hits you but does no damage.
The steam dragon breathes steam at you. The ball of steam hits you!
* * * LOW HITPOINT WARNING * * *
You hear an angry hiss.
You hear an angry buzzing noise.
You hear a shout! x2
You thump the kobold brigand!
You kill the kobold brigand!
Okawaru accepts your kill.
You are engulfed in a cloud of scalding steam.
The steam dragon bites you.
* * * LOW HITPOINT WARNING * * *
You block the steam dragon's attack.
Your Armour skill increases to level 9!
You closely miss the steam dragon.
You are engulfed in a cloud of scalding steam.
You die...

#.##)#.#..#
#.##.#.#..# #
#.##.#.#..#######.#
..........##.$....#
###..#.#........#
#..#######)##.#
#..# #....#
#..####.##.##
#§§..@D.#
....§.§##).#
#...### .#.# ### @#
..# .. .... #.
.#... .. ...#.. #.
##...#


You could see a steam dragon (catching breath).

Vanquished Creatures
  Joseph (D:9)
  A queen bee (shapeshifter) (D:9)
  A hornet (D:8)
  5 yaks (D:4)
  A steam dragon (D:8)
  A water moccasin (D:6)
  3 ice beasts
  4 ogres
  A centaur (D:6)
  2 phantoms
  6 kobold brigands
  3 bullfrogs
  A gnoll sergeant (D:9)
  A scorpion (D:5)
  3 wights (D:8)
  A killer bee (D:9)
  An electric eel (D:8)
  3 howler monkeys
  3 hounds
  3 jellies
  4 orc priests
  2 gnoll boudas
  A sleepcap (D:6)
  Jessica (D:2)
  4 iguanas
  8 orc wizards
  10 gnolls
  7 adders
  A river rat (D:6)
  2 shadow imps
  3 white imps
  4 ufetubi
  4 worms
  5 dart slugs
  30 orcs
  5 ball pythons
  9 bats
  5 endoplasms
  5 giant cockroaches
  4 goblins
  5 hobgoblins
  5 jackals (D:3)
  23 kobolds
  9 quokkas
  7 frilled lizards
  3 rats
211 creatures vanquished.

Notes
Turn   | Place    | Note
-------+----------+-------------------------------------------
     0 | D:1      | Dittersdorf the Gargoyle Fighter began the quest for the
                  | Orb.
     0 | D:1      | Reached XP level 1. HP: 14/14 MP: 1/1
   127 | D:1      | Reached XP level 2. HP: 19/19 MP: 2/2
   317 | D:1      | Reached XP level 3. HP: 23/23 MP: 3/3
  1031 | D:2      | Noticed Jessica
  1037 | D:2      | Killed Jessica
  1038 | D:2      | Reached XP level 4. HP: 29/29 MP: 4/4
  1429 | D:3      | Reached skill level 4 in Armour
  1808 | D:3      | You fall into a shaft and drop 1 floor!
  1818 | D:4      | Reached XP level 5. HP: 32/33 MP: 5/5
  1910 | D:4      | Found a staircase to the Ecumenical Temple.
  1920 | D:4      | Noticed a phantom
  1931 | D:4      | Killed a phantom
  1932 | D:4      | Reached XP level 6. HP: 31/39 MP: 6/6
  2544 | Temple   | Entered the Ecumenical Temple
  2557 | Temple   | Became a worshipper of Warmaster Okawaru
  2695 | D:4      | Noticed a yak
  2695 | D:4      | Noticed a yak
  2696 | D:4      | Noticed a yak
  2696 | D:4      | Noticed a yak
  2738 | D:4      | Noticed a yak
  2752 | D:4      | Killed a yak
  2752 | D:4      | Reached * piety under Okawaru
  2753 | D:4      | Reached skill level 5 in Fighting
  2753 | D:4      | Reached skill level 5 in Armour
  2753 | D:4      | Reached skill level 5 in Shields
  2753 | D:4      | Reached XP level 7. HP: 22/44 MP: 7/7
  2753 | D:4      | Killed a yak
  2760 | D:4      | Killed a yak
  2760 | D:4      | Reached ** piety under Okawaru
  2766 | D:4      | Killed a yak
  2767 | D:4      | Reached XP level 8. HP: 12/51 MP: 8/8
  2923 | D:4      | Reached skill level 6 in Armour
  2974 | D:4      | Killed a yak
  2975 | D:4      | Reached skill level 5 in Maces & Flails
  4357 | D:5      | Entered Level 5 of the Dungeon
  4569 | D:4      | Reached *** piety under Okawaru
  4578 | D:5      | Reached skill level 7 in Armour
  4578 | D:5      | Reached XP level 9. HP: 56/56 MP: 3/9
  4636 | D:5      | Found a burning altar of Makhleb.
  5089 | D:6      | Found a glowing drain.
  5113 | Sewer    | Entered a sewer
  5680 | D:6      | Reached **** piety under Okawaru
  6014 | D:6      | Found a transporter.
  6022 | D:6      | Found a transporter.
  6022 | D:6      | Noticed CowFu's ghost (novice DrSh)
  6042 | D:6      | Noticed a hornet
  6194 | D:7      | Reached skill level 8 in Armour
  6270 | D:7      | Identified the +0 scale mail of the Ward {rPois Dex+4}
  6292 | D:7      | Found a snail-covered altar of Cheibriados.
  6618 | D:8      | Found a shimmering altar of Xom.
  6720 | D:8      | Noticed a hornet
  6728 | D:8      | Reached XP level 10. HP: 58/64 MP: 3/10
  6876 | D:8      | Reached ***** piety under Okawaru
  7446 | D:9      | Noticed Joseph
  7463 | D:9      | Killed Joseph
  7463 | D:9      | Received a gift from Okawaru
  7480 | D:9      | HP: 3/65 [steam dragon (4)]
  7481 | D:9      | Reached skill level 9 in Armour
  7481 | D:9      | Engulfed by a steam dragon's steam

Illustrated notes

Levels and vault maps discovered:
D:1:      dpeg_arrival_rooms_a, layout_rooms
D:2:      layout_rooms, chequers_big_river, kennysheep_jessica_study
D:3:      layout_basic
D:4:      kennysheep_six_static_rooms, layout_layer_cave,
          minmay_temple_entry_proselytizer
D:5:      layout_cave_pools, lemuel_doored_altar
D:6:      layout_loops_cross, gup_sewer_entry_bubbles, gammafunk_ghost_hive,
          nrook_mini_backslash, minmay_starry_boxes
D:7:      layout_rooms, kennysheep_mini_moat, nrook_loot_triangle
D:8:      layout_gridville, overflow_temple_1_default, minivault_4
D:9:      layout_loops_ring, mainiacjoe_overflow_brackets,
          vehumet_altar_wand_db, minmay_pinched_square, uniq_joseph
Temple:   nicolae_temple_bog_church

Skill      XL: |  1  2  3  4  5  6  7  8  9 10 |
---------------+-------------------------------+-----
Fighting       | 4 5 6 8 |  8.9
Armour         | 4 5 7 8 9 |  9.0
Shields        | 4 5 7 8 |  8.9
Maces & Flails | 3 4 5 7 |  7.8

Action                     |  1- 3 |  4- 6 |  7- 9 | 10-12 || total
---------------------------+-------+-------+-------+-------++-------
  Melee: Flail             |   133 |   143 |   551 |   103 ||   930
  Throw: Dart              |       |       |       |     2 ||     2
    Use: Scroll            |       |    12 |     7 |     1 ||    20
         Potion            |       |     2 |       |       ||     2
   Stab: Invisible         |       |     2 |     2 |       ||     4
 Armour: Scale mail        |   100 |       |       |       ||   100
         Leather armour    |    40 |    99 |   317 |    86 ||   542
  Dodge: Dodged            |    86 |    61 |   273 |    38 ||   458
  Block: Kite shield       |    96 |    80 |   375 |    63 ||   614
         Buckler           |     1 |       |       |       ||     1
         Reflection        |       |       |     1 |       ||     1

Table legend: (Time is in decaauts)
 A = Elapsed time spent in this place.
 B = Non-inter-level travel time spent in this place.
 C = Inter-level travel time spent in this place.
 D = Time resting spent in this place.
 E = Time spent auto-exploring this place.
 F = Levels seen in this place.
 G = Mean time per level.
                   A        B        C        D        E       F      G
               +--------+--------+--------+--------+--------+-----+--------+
         Total |   7763 |   7402 |    361 |    589 |   4686 |  11 |  705.7 |
       Dungeon |   7371 |   7034 |    337 |    589 |   4496 |   9 |  819.0 |
        Temple |     26 |      2 |     24 |      0 |      0 |   1 |   26.0 |
         Sewer |    365 |    365 |      0 |      0 |    189 |   1 |  365.0 |
               +--------+--------+--------+--------+--------+-----+--------+

Top non-repeatable levels by time:
     D:4: 2055 daAuts
     D:3: 1079 daAuts
     D:6: 857 daAuts
     D:2: 840 daAuts
     D:8: 780 daAuts
     D:1: 623 daAuts
     D:5: 526 daAuts
     D:7: 521 daAuts
   Sewer: 365 daAuts
     D:9: 85 daAuts
  Temple: 26 daAuts
